 Dungeon Crawl Stone Soup version 0.30-b1-2-g02819fbbbe (webtiles) character file.

Game seed: 4972379541793028948

8 Flugkiller the Covered (level 2, 27/27 HPs)
             Began as a Minotaur Fighter on May 8, 2023.
             Was a Follower of the Shining One.
             Quit the game on level 1 of the Dungeon.
             The game lasted 00:00:14 (125 turns).

Flugkiller the Covered (Minotaur Fighter)            Turns: 125, Time: 00:00:14

Health: 27/27      AC:  8    Str: 20    XL:     2   Next: 0%
Magic:  1/1        EV:  9    Int:  5    God:    the Shining One [*.....]
Gold:   17         SH:  4    Dex:  9    Spells: 1/1 levels left

rFire   . . .        a - +0 war axe
rCold   . . .        c - +0 buckler
rNeg    . . .        b - +0 scale mail
rPois   .            (helmet restricted)
rElec   .            (no cloak)
rCorr   .            g - +0 pair of gloves
SInv    .            (no boots)
Will    .....        (no amulet) Stlth
                     (no ring)
HPRegen 0.24/turn    (no ring)
MPRegen 0.07/turn

%: no passive effects
@: glowing
A: horns 2, retaliatory headbutt
a: Renounce Religion, Divine Shield


You were on level 1 of the Dungeon.
You worshipped the Shining One.
The Shining One was aware of your devotion.
You visited 1 branch of the dungeon, and saw 1 of its levels.

You collected 17 gold pieces.

Inventory:

Hand Weapons
 a - a +0 war axe (weapon)
Armour
 b - a +0 scale mail (worn)
 c - a +0 buckler (worn)
 g - a +0 pair of gloves (worn)
   (You found it on level 1 of the Dungeon)
Scrolls
 f - a scroll of teleportation {unknown}
Potions
 d - a potion of might
 e - 2 potions of heal wounds {unknown}


   Skills:
 * Level 3.8 Fighting
 * Level 2.7 Axes
 * Level 3.8 Armour
 + Level 3.7 Shields


You had one spell level left.
You didn't know any spells.
Your spell library was empty.

Dungeon Overview and Level Annotations

Branches:
Dungeon (1/15)

Altars:
The Shining One


Innate Abilities, Weirdness & Mutations

You have a pair of horns on your head.
You reflexively headbutt those who attack you in melee.


Message History

e - a dark potion
f - a scroll labelled QESHRA ADITHREFF
Found a pair of gloves.
A goblin comes into view. It is wielding a +0 dagger.
The goblin shouts!
You see here a +0 pair of gloves.
g - a +0 pair of gloves The goblin hits you with a +0 dagger.
You slash the goblin!
You kill the goblin!
No target in view!
No target in view!
No target in view!
No target in view!
No target in view!
No target in view!
You start putting on your armour.
You continue putting on your +0 pair of gloves. x4
You finish putting on your +0 pair of gloves.
Unknown command.
Unknown command.
HP restored.
Found a stone staircase leading down.
You see here a +0 dagger.
You open the door.
There is an open door here.
A dart slug comes into view.
A dart slug is nearby!
A dart slug is nearby!
The dart slug launches a dart at you.
The slug dart hits you but does no damage.
The dart slug launches a dart at you. The slug dart misses you.
You slash the dart slug!
You kill the dart slug!
No target in view!
No target in view!
No target in view!
You open the door.
A hobgoblin comes into view.
The hobgoblin shouts!
A ball python comes into view.
There are monsters nearby!
There are monsters nearby!
A kobold and a ball python come into view.
Found 4 atropa-tipped darts and 17 gold pieces.
The ball python hisses angrily.
The kobold shouts!
The ball python hisses angrily.
The kobold throws a stone.
You block the stone.
The ball python moves out of view.
The kobold throws a stone.
You block the stone. The hobgoblin barely misses you.
The kobold throws a stone.
The stone barely misses you.
You slash the hobgoblin!
You kill the hobgoblin!
You slash the ball python!
You kill the ball python!
The kobold throws a stone.
The stone closely misses you.
The ball python bites you but does no damage.
The ball python grabs you. The ball python constricts you.
You hit the ball python.
You kill the ball python!
You barely miss the kobold. The kobold hits you but does no damage.
You hit the kobold.
You kill the kobold!
No target in view!
No target in view!
No target in view!
No target in view!
You now have 17 gold pieces.
e - 2 dark potions (gained 1)
A rat comes into view.
A rat is nearby!
A rat is nearby!
The rat misses you. You furiously retaliate!
You headbutt the rat!
You kill the rat!
You have reached level 2!
You see here a rat corpse.
Found a faded altar of an unknown god.
You hit the plant but do no damage. You hit the plant.
The plant begins to die.
You hit the fungus.
The fungus begins to die.
You hit the plant.
The plant begins to die.
The plant is lightly damaged.
You slash the plant! You hit the fungus but do no damage. You hit the plant.
The plant is lightly damaged.
You hit the fungus. You hit the plant.
A nearby plant withers and dies.
A nearby fungus withers and dies.
You hit the plant. You headbutt the plant!
The plant is lightly damaged.
You hit the plant but do no damage. You headbutt the plant.
The plant is lightly damaged.
A nearby plant withers and dies.
There is a faded altar of an unknown god here.
This altar belongs to (a) Okawaru, (b) Hepliaklqana or (c) the Shining One, but you can't tell which.
Press the corresponding letter to learn more about a god, or press enter to convert or escape to cancel.
The Shining One accepts your prayer! The Shining One welcomes you!
You and your allies can now gain power from killing the unholy and evil.
You can now call upon the Shining One for a divine shield.
Are you sure you want to abandon this character and quit the game? (Confirm with "yes".)

##############
#............
#.#.........#
#.###†###.###
#.#..P...P..# ##
#.#P#.#.#.#P# .
##.#.........#
#######.#..###.###P###
........#..#....@PPP.#
...........###.###.###
#..(#.##..#..P. ..
.#.#....#..#P#.#. .#
.#...#.....#...... #
####.#.....# #.# #.
.....†.....#.... ..
...#..)......... ..
....#.#####....


There were no monsters in sight!

Vanquished Creatures
  A dart slug (D:1)
  A goblin (D:1)
  A hobgoblin (D:1)
  2 ball pythons (D:1)
  A kobold (D:1)
  A rat (D:1)
7 creatures vanquished.

Vanquished Creatures (others)
  A fungus (D:1)
  2 plants (D:1)
3 creatures vanquished.

Grand Total: 10 creatures vanquished

Notes
Turn   | Place    | Note
-------+----------+-------------------------------------------
     0 | D:1      | Flugkiller the Minotaur Fighter began the quest for the
                  | Orb.
     0 | D:1      | Reached XP level 1. HP: 19/19 MP: 0/0
   110 | D:1      | Reached XP level 2. HP: 27/27 MP: 1/1
   115 | D:1      | Found a faded altar of an unknown god.
   124 | D:1      | Prayed at the altar of an unknown god.
   124 | D:1      | Became a worshipper of the Shining One
   124 | D:1      | Reached * piety under the Shining One
   125 | D:1      | Quit the game

Illustrated notes

Levels and vault maps discovered:
D:1:      onia_arrival_pentagram, layout_basic,
          shapermc_ecumenical_altar_mp_urbaneastern

Action                     || total
---------------------------++-------
  Melee: War axe           ||    10
         Headbutt          ||     2
 Armour: Scale mail        ||     3
  Dodge: Dodged            ||     5
  Block: Buckler           ||     2
